 Dungeon Crawl Stone Soup version 0.29-a0-994-gc5c9f59d18 (webtiles) character file.

Game seed: 7389948157286551369

8665 vurker the Skirmisher (level 11, -8/102 HPs)
             Began as a Minotaur Hunter on Aug 3, 2022.
             Was an Initiate of Ashenzari.
             Killed by divine providence
             ... invoked by an orc priest
              (12 damage)
             ... on level 9 of the Dungeon.
             The game lasted 00:21:53 (10731 turns).

vurker the Skirmisher (Minotaur Hunter)            Turns: 10731, Time: 00:21:54

Health: -8/102     AC: 19    Str: 21    XL:     11   Next: 12%
Magic:  19/19      EV:  7    Int:  6    God:    Ashenzari [......]
Gold:   549        SH:  0    Dex: 13    Spells: 10/10 levels left

rFire   . . .      SeeInvis .   o - +1 arbalest (freeze)
rCold   + . .      Faith    .   (shield currently unavailable)
rNeg    . . .      Spirit   .   i - +4 plate armour
rPois   .          Reflect  .   (helmet restricted)
rElec   .          Harm     .   e - +0 cloak
rCorr   .          Rampage  .   d - +0 pair of gloves
Will    .....                   n - +0 pair of boots
Stlth   ..........              (no amulet)
HPRegen 0.27/turn               c - ring of magical power
MPRegen 0.16/turn               g - ring of the Restrained Burden {rC+, Evo, Range} (curse)

@: confused, ambrosia-drunk, hasted, very quick
A: horns 2, retaliatory headbutt
a: Renounce Religion, Curse Item, Shatter the Chains


You were on level 9 of the Dungeon.
You worshipped Ashenzari.
Ashenzari was noncommittal.
You visited 2 branches of the dungeon, and saw 10 of its levels.

You collected 549 gold pieces.

Inventory:

Hand Weapons
 a - a +1 shortbow of freezing
 o - a +1 arbalest of freezing (weapon)
   (You took it off an orc warrior on level 9 of the Dungeon)
Armour
 d - a +0 pair of gloves (worn)
   (You found it on level 9 of the Dungeon)
 e - a +0 cloak (worn)
   (You took it off Crazy Yiuf on level 7 of the Dungeon)
 i - a +4 plate armour (worn)
   (You took it off an orc warrior on level 8 of the Dungeon)
 n - a +0 pair of boots (worn)
   (You found it on level 8 of the Dungeon)
Jewellery
 c - a ring of magical power (left hand)
   (You found it on level 2 of the Dungeon)
 g - the cursed ring of the Restrained Burden (right hand) {rC+, Evo, Range}
   (You found it on level 6 of the Dungeon)

   [ring of protection from cold]

   rC:        It protects you from cold.
   It has a curse which improves the following skills: Evocations: Evocations.
   Ranged Combat: Ranged Weapons and Throwing.
Wands
 p - a wand of polymorph (8)
   (You took it off Ijyb on level 3 of the Dungeon)
 v - a wand of mindburst (14)
   (You took it off a goblin on level 4 of the Dungeon)
 x - a wand of acid (7)
   (You took it off Maggie on level 8 of the Dungeon)
Scrolls
 b - 4 scrolls of immolation
 j - a scroll of teleportation
Potions
 f - a potion of lignification
 h - 2 potions of curing
 k - a potion of haste
 l - 3 potions of might
 r - 2 potions of mutation
 s - a potion of invisibility {unknown}
 z - a potion of berserk rage {unknown}


   Skills:
 + Level 11.2 Fighting
 * Level 14.7(15.1) Ranged Weapons
 + Level 4.5 Armour
 + Level 4.8 Dodging
 - Level 0.7 Stealth
 + Level 3.2(3.6) Evocations


You had 10 spell levels left.
You didn't know any spells.
Your spell library contained the following spells:

 Spells                   Type           Power      Damage    Failure   Level
 Foxfire                  Conj/Fire      0%         2x1d4     100%        1
 Freeze                   Ice            0%         1d3       100%        1
 Static Discharge         Conj/Air       0%         3-3/arc   100%        2
 Conjure Flame            Conj/Fire      0%         6-21      100%        3
 Frozen Ramparts          Ice            0%         1d8       100%        3
 Gell's Gravitas          Tloc           0%         N/A       100%        3
 Inner Flame              Hex/Fire       0%         N/A       100%        3
 Teleport Other           Tloc           0%         N/A       100%        3
 Dispel Undead            Necr           0%         3d6       100%        4
 Flame Wave               Conj/Fire      0%         2d4       100%        4
 Hailstorm                Conj/Ice       0%         3d3       100%        4
 Sticky Flame             Conj/Fire      0%         2d3       100%        4
 Dispersal                Tloc           0%         N/A       100%        6


Dungeon Overview and Level Annotations

Branches:
Dungeon (9/15)             Temple (1/1) D:4             Orc (0/2) D:9
   Lair: D:8-11

Altars:
Ashenzari
Dithmenos
Elyvilon
Fedhas
Gozag
Hepliaklqana
Kikubaaqudgha
Makhleb
Nemelex Xobeh
Okawaru
Qazlal
Sif Muna
Trog
Uskayaw
Vehumet
Wu Jian
Xom
Yredelemnul
Zin
The Shining One

Shops:
D:2 [   D:6 *

Annotations:
D:9 3 runed translucent doors, lucasj's ghost, novice MiBe


Innate Abilities, Weirdness & Mutations

You have a pair of horns on your head.
You reflexively headbutt those who attack you in melee.


Message History

There is an open door here.
Fire: o) +1 arbalest (freeze)
Aim: an orc warrior, wielding a +0 mace and wearing a +0 chain mail (severely wounded, 64% to hit)
You shoot a bolt.
The bolt hits the orc warrior but does no damage.
The orc warrior barely misses you.
Fire: o) +1 arbalest (freeze)
Aim: an orc warrior, wielding a +0 mace and wearing a +0 chain mail (severely wounded, 64% to hit)
You shoot a bolt.
The bolt hits the orc warrior but does no damage.
The orc warrior hits you with a +0 mace!
* * * LOW HITPOINT WARNING * * *
The orc warrior hits you but does no damage.
The orc wizard hits you but does no damage.
Fire: o) +1 arbalest (freeze)
Aim: an orc warrior, wielding a +0 mace and wearing a +0 chain mail (severely wounded, 64% to hit)
You shoot a bolt. The bolt hits the orc warrior!!
The bolt freezes the orc warrior.
You kill the orc warrior!
The orc wizard hits you but does no damage.
The orc warrior hits you but does no damage.
The orc wizard hits you but does no damage.
The orc warrior hits you but does no damage.
Fire: o) +1 arbalest (freeze)
Aim: an orc wizard, wielding a +0 dagger and wearing a +0 robe (61% to hit)
You shoot a bolt.
The bolt hits the orc wizard but does no damage.
The orc wizard hits you but does no damage.
The orc warrior hits you but does no damage.
You feel yourself speed up.
The orc wizard hits you but does no damage.
The orc warrior hits you but does no damage.
The orc priest invokes the aid of Beogh against you.
Beogh smites you!
* * * LOW HITPOINT WARNING * * *
The hornet buzzes angrily.
The slime creature quivers.
The howler monkey howls!
Lucasj's ghost turns its malevolent gaze towards you.
The orc wizard points at you and mumbles some strange words.
You easily resist.
The orc priest calls down the wrath of Beogh upon you.
Beogh smites you!
* * * LOW HITPOINT WARNING * * *
You are confused.
You feel invigorated.
The yak bellows!
The orc priest calls down the wrath of Beogh upon you.
Beogh smites you!
You die...

.....##...#.........#..#.........
../.)))...######.o..#..##...##..#
.....).........#.o..#..##...##..#
....##....##...#o...#........+.[#
#...##....##...#o...#........#..#
#...#.....##...#....#........#..#
#...#..........#....#........#(.'
#...#..........#....#........#..#
#...########...#@.......{########
#...# #...#.................
#...# #...'..##+++##........
#...# #...#[##yh$$.##.......
#...##### #...#)#.J$W..∩#.......
#...##..########.#8.Y8$.8######+#
#...#...#......#.#..$$$$∩##..#
#...'...#......#.##.8∩8.##'..#
##############.#..#######.#..#


You could see a slime creature, a yak, a hornet, a howler monkey, 2 orc priests,
an orc wizard, lucasj's ghost and an orc.

Vanquished Creatures
  A two-headed ogre (D:8)
  A manticore (D:8)
  Maurice (D:9)
  Maggie (D:8)
  An unseen horror (D:9)
  3 yaks (D:9)
  2 wyverns (D:8)
  2 steam dragons
  An acid dragon (D:8)
  A water moccasin (D:5)
  9 orc warriors
  An ice beast (D:4)
  A black bear (D:5)
  3 sky beasts
  7 ogres
  2 phantoms
  2 kobold brigands (D:8)
  2 bullfrogs
  3 necrophages
  5 scorpions
  5 gnoll sergeants
  A water moccasin zombie (D:6)
  A water moccasin skeleton (D:6)
  4 wights (D:6)
  An electric eel (D:9)
  12 howler monkeys (D:8)
  2 bullfrog zombies (D:6)
  A centaur zombie (D:6)
  4 hounds
  4 jellies
  10 orc priests
  Crazy Yiuf (D:7)
  A centaur skeleton (D:6)
  A bullfrog skeleton (D:6)
  2 gnoll boudas
  Ijyb (D:3)
  Natasha (thrice) (D:2)
  Terence (D:3)
  2 iguanas
  9 orc wizards (D:8)
  Robin (D:3)
  26 gnolls
  A howler monkey skeleton (D:6)
  9 adders
  A white imp (D:6)
  A worm (D:3)
  2 dart slugs
  44 orcs
  6 endoplasms
  A giant cockroach (D:1)
  19 goblins
  13 hobgoblins
  4 jackals (D:1)
  17 kobolds
  3 quokkas
  9 ball pythons
  5 bats
  5 frilled lizards
  4 rats
286 creatures vanquished.

Vanquished Creatures (others)
  An orc wizard (D:8)
  5 plants (D:9)
  4 withered plants (D:6)
10 creatures vanquished.

Grand Total: 296 creatures vanquished

Notes
Turn   | Place    | Note
-------+----------+-------------------------------------------
     0 | D:1      | vurker the Minotaur Hunter began the quest for the Orb.
     0 | D:1      | Reached XP level 1. HP: 18/18 MP: 0/0
   113 | D:1      | Reached XP level 2. HP: 25/25 MP: 1/1
   202 | D:1      | Reached skill level 5 in Ranged Weapons
   533 | D:1      | Reached XP level 3. HP: 31/31 MP: 2/2
   803 | D:2      | Found Poze's Armour Shop.
   958 | D:2      | Noticed Natasha
   970 | D:2      | Killed Natasha
   971 | D:2      | Reached XP level 4. HP: 32/39 MP: 3/3
  1151 | D:2      | Identified the +1 ring mail "Beuca" {Regen+}
  1187 | D:2      | Noticed Natasha
  1197 | D:2      | Killed Natasha
  1198 | D:2      | Reached skill level 6 in Ranged Weapons
  1294 | D:2      | Noticed Natasha
  1300 | D:2      | Killed Natasha
  1301 | D:2      | Reached XP level 5. HP: 46/46 MP: 4/4
  1601 | D:3      | Noticed Ijyb
  1653 | D:3      | Killed Ijyb
  1763 | D:3      | Noticed Robin
  1782 | D:3      | Killed Robin
  1882 | D:3      | Found a basalt altar of Yredelemnul.
  1883 | D:3      | Found a radiant altar of Vehumet.
  2094 | D:3      | Noticed Terence
  2109 | D:3      | Killed Terence
  2110 | D:3      | Reached skill level 7 in Ranged Weapons
  2328 | D:4      | Reached XP level 6. HP: 29/53 MP: 5/5
  2462 | D:4      | Reached skill level 5 in Fighting
  2724 | D:4      | Noticed a sky beast
  2743 | D:4      | Killed a sky beast
  2744 | D:4      | Reached skill level 8 in Ranged Weapons
  2744 | D:4      | Reached XP level 7. HP: 47/61 MP: 6/6
  2885 | D:4      | Found a shadowy altar of Dithmenos.
  3265 | D:4      | Found a staircase to the Ecumenical Temple.
  3270 | Temple   | Entered the Ecumenical Temple
  3626 | D:5      | Entered Level 5 of the Dungeon
  3713 | D:5      | Reached skill level 9 in Ranged Weapons
  3855 | D:5      | HP: 2/64 [gnoll/+0 halberd (7)]
  3935 | D:5      | Reached XP level 8. HP: 71/71 MP: 7/7
  3951 | D:5      | Found an ornate altar of the Wu Jian Council.
  3991 | D:5      | Identified the +5 chain mail "Juur" {*Corrode rF- Regen+
                  | Str+5}
  4027 | D:5      | Found a broken altar of Ashenzari.
  4059 | D:5      | Became a worshipper of Ashenzari the Shackled
  4075 | D:5      | Identified the +2 leather armour "Bodgh" {rC+ rN+ Str+2
                  | Stlth+}
  4417 | D:5      | Reached skill level 10 in Ranged Weapons
  4568 | D:6      | Identified the +3 leather armour of Submission {-Cast Fly
                  | rPois Dex+4}
  4613 | D:6      | Found a glowing golden altar of the Shining One.
  4851 | D:6      | Reached skill level 11 in Ranged Weapons
  5077 | D:6      | Reached XP level 9. HP: 81/82 MP: 8/8
  5086 | D:6      | Found Noentenu's Needful Niceties.
  5601 | D:7      | Reached skill level 12 in Ranged Weapons
  5848 | D:7      | Found a runed translucent door.
  5849 | D:7      | Noticed Crazy Yiuf
  5854 | D:7      | Killed Crazy Yiuf
  6458 | D:8      | Reached skill level 13 in Ranged Weapons
  6568 | D:8      | Reached skill level 10 in Fighting
  6885 | D:8      | Reached XP level 10. HP: 93/93 MP: 9/9
  6972 | D:8      | Noticed a two-headed ogre
  6991 | D:8      | Reached skill level 1 in Armour
  7052 | D:8      | Reached skill level 1 in Evocations
  7115 | D:8      | Noticed a manticore
  7132 | D:8      | Killed a manticore
  7145 | D:8      | Reached skill level 14 in Ranged Weapons
  7529 | D:8      | Killed a two-headed ogre
  7603 | D:8      | Noticed Maggie
  7619 | D:8      | Killed Maggie
  8784 | D:9      | Noticed Maurice
  9140 | D:9      | Found a staircase to the Orcish Mines.
  9387 | D:9      | Found a runed translucent gate.
  9388 | D:9      | Found a runed translucent gate.
  9389 | D:9      | Found a runed translucent gate.
  9425 | D:9      | Reached XP level 11. HP: 67/102 MP: 10/10
 10067 | D:9      | Found an opulent altar of Gozag.
 10067 | D:9      | Noticed lucasj's ghost (novice MiBe)
 10563 | D:9      | Killed Maurice
 10730 | D:9      | HP: 1/102 [orc priest/divine providence (9)]
 10731 | D:9      | Killed from afar by an orc priest

Illustrated notes

Levels and vault maps discovered:
D:1:      sevenhm_arrival_forest_fort_small_6, layout_basic
D:2:      layout_rooms, serial_shops, shop, uniq_natasha
D:3:      layout_loops_ring, chequers_temple_overflow_statue_of_worship,
          uniq_ijyb, uniq_robin, uniq_terence
D:4:      layout_loops_ring, mainiacjoe_overflow_concentric_impassable,
          minmay_temple_entry_nine_rooms, minmay_increasing_density
D:5:      layout_rooms, kennysheep_mini_moat, nicolae_wu_jian_wuxing_cycle,
          roderic_serpentine_path
D:6:      layout_basic, overflow_temple_1_default, serial_undead,
          serial_undead_d, serial_undead_d, serial_undead_c, serial_undead_b,
          serial_undead_c, minmay_misc_feat_pillars, nicolae_alphabet_shops,
          hangedman_abyss_or_decor_stabs, minmay_misc_feat_columns,
          dreamdust_princess_bridge, kennysheep_nub
D:7:      layout_gridville, uniq_crazy_yiuf_cottage
D:8:      lemuel_castle_with_subvaults [lemuel_castle_interior_original],
          layout_basic, uniq_maggie
D:9:      layout_gridville, minmay_orc_entry_temple_small, ebering_ghost_gozag,
          minivault_19, serial_bayou_ford_a, uniq_maurice
Temple:   minmay_temple_curvy_branch

Skill      XL: |  1  2  3  4  5  6  7  8  9 10 11 |
---------------+----------------------------------+-----
Ranged Weapons | 5 6 7 8 9 11 13 14 | 14.7
Fighting       | 3 4 5 6 8 10 11 | 11.2
Armour         | 4 |  4.5
Evocations     | 2 3 |  3.2
Dodging        | 4 |  4.8
Stealth        | |  0.7

Action                   |  1- 3 |  4- 6 |  7- 9 | 10-12 || total
-------------------------+-------+-------+-------+-------++-------
Melee: Unarmed           |       |    32 |       |       ||    32
       Shortbow          |       |       |     2 |       ||     2
       Headbutt          |       |       |     2 |       ||     2
 Fire: Shortbow          |   113 |   242 |   527 |   315 ||  1197
       Arbalest          |       |       |       |    69 ||    69
Invok: Curse Item        |       |       |     1 |       ||     1
Evoke: Wand              |       |       |     9 |    11 ||    20
  Use: Potion            |       |       |     3 |     3 ||     6
       Scroll            |       |       |    10 |     8 ||    18
 Stab: Confused          |       |     2 |       |       ||     2
Armor: Ring mail         |    33 |    68 |   104 |     8 ||   213
       Leather armour    |     2 |       |       |       ||     2
       Skin              |       |     5 |       |       ||     5
       Plate armour      |       |       |       |   112 ||   112
Dodge: Dodged            |    29 |   131 |   192 |    78 ||   430

Table legend: (Time is in decaauts)
 A = Elapsed time spent in this place.
 B = Non-inter-level travel time spent in this place.
 C = Inter-level travel time spent in this place.
 D = Time resting spent in this place.
 E = Time spent auto-exploring this place.
 F = Levels seen in this place.
 G = Mean time per level.
                   A        B        C        D        E       F      G
               +--------+--------+--------+--------+--------+-----+--------+
         Total |  10900 |  10579 |    321 |    208 |   8071 |  10 | 1090.0 |
       Dungeon |  10647 |  10330 |    317 |    208 |   7827 |   9 | 1183.0 |
        Temple |    253 |    249 |      4 |      0 |    244 |   1 |  253.0 |
               +--------+--------+--------+--------+--------+-----+--------+

Top non-repeatable levels by time:
     D:8: 2356 daAuts
     D:9: 2187 daAuts
     D:4: 1105 daAuts
     D:5: 981 daAuts
     D:3: 914 daAuts
     D:6: 875 daAuts
     D:7: 766 daAuts
     D:1: 741 daAuts
     D:2: 719 daAuts
  Temple: 253 daAuts
